 Dungeon Crawl Stone Soup version 0.23.2-30-g0e89c35649 (webtiles) character file.

Game seed: 5721495518415865287

268 HASTUR3 the Grave Robber (level 6, -1/41 HPs)
             Began as a Mummy Necromancer on June 18, 2019.
             Killed from afar by an orc wizard (19 damage)
             ... with a puff of flame
             ... on level 3 of the Dungeon.
             The game lasted 00:15:57 (3360 turns).

HASTUR3 the Grave Robber (Mummy Necromancer)        Turns: 3360, Time: 00:15:59

Health: -1/41      AC:  2    Str: 11    XL:     6   Next: 0%
Magic:  6/12       EV: 12    Int: 16    God:
Gold:   162        SH:  5    Dex: 13    Spells: 4/13 levels left

rFire    x . .     SeeInvis .   j - +0 falchion (slice)
rCold    + . .     Gourm    .   e - +0 buckler
rNeg     + + +     Faith    .   a - +0 robe
rPois    ∞         Spirit   .   (no helmet)
rElec    .         Reflect  .   (no cloak)
rCorr    .         Harm     .   (no gloves)
MR       .....                  (no boots)
Stlth    ++........             (no amulet)
HPRegen  0.13/turn              (no ring)
MPRegen  0.13/turn              (no ring)

@: no status effects
A: no food or potions, fire vulnerability, cold resistance 1, negative energy
resistance 3, torment resistance, unbreathing
a: no special abilities


You were on level 3 of the Dungeon.
You were not hungry.

You visited 1 branch of the dungeon, and saw 3 of its levels.
You also visited: Sewer.

You collected 162 gold pieces.

Inventory:

Hand Weapons
 g - a +0 spear
 j - a +0 falchion of slicing (weapon)
Armour
 a - a +0 robe (worn)
 e - a +0 buckler (worn)
Jewellery
 d - a +3 ring of protection {unknown}
Scrolls
 b - a scroll of identify
 c - a scroll of remove curse {unknown}
 f - a scroll of teleportation {unknown}
 h - a scroll of enchant weapon {unknown}
 i - a scroll of fear {unknown}


   Skills:
 - Level 1.5 Dodging
 - Level 1.5 Stealth
 + Level 3.4 Shields
 - Level 4.0 Spellcasting
 - Level 5.1 Necromancy


You had 4 spell levels left.
You knew the following spells:

 Your Spells              Type           Power        Failure   Level  Hunger
a - Pain                  Necr           ###.         2%          1    N/A
b - Animate Skeleton      Necr           N/A          2%          1    N/A
c - Vampiric Draining     Necr           ###.......   7%          3    N/A
d - Animate Dead          Necr           N/A          22%         4    N/A

Your spell library contained the following spells:

 Spells                   Type           Power        Failure   Level  Hunger
 Regeneration             Chrm/Necr      Unusable     N/A         3    N/A

Dungeon Overview and Level Annotations

Branches:
Dungeon (3/15)

Altars:


Innate Abilities, Weirdness & Mutations

You do not eat or drink.
Your flesh is vulnerable to fire.
You are immune to poison.
Your flesh is cold resistant. (rC+)
You are immune to negative energy. (rN+++)
You are immune to unholy pain and torment.
You can survive without breathing.


Message History

Aim: an orc, wielding a +0 whip (chance to defeat MR: 89%)
The orc writhes in agony.
You block the orc's attack.
Casting: Pain (safe; 2% risk of failure)
Confirm with . or Enter, or press ? or * to list all spells.
Aiming: Pain (safe; 2% risk of failure)
Press: ? - help, Shift-Dir - straight line, f/p - orc
Aim: an orc, wielding a +0 whip (moderately wounded, chance to defeat MR: 89%)
Okay, then.
Casting: Pain (safe; 2% risk of failure)
Confirm with . or Enter, or press ? or * to list all spells.
Aiming: Vampiric Draining (safe; 7% risk of failure)
Press: ? - help, Shift-Dir - straight line, f/p - orc
Aim: an orc, wielding a +0 whip (moderately wounded)
You kill the orc!
You feel life coursing into your body.
The orc wizard points at you and mumbles some strange words.
The puff of flame hits you! The fire burns you terribly!
The orc wizard gestures at you while chanting.
The puff of flame hits you!! The fire burns you terribly!
You die...

########## #.)oo.....
#@#######. ############.#
#...#...)....#
#.#.#.######## #.#.#.#
#.#.#.# ### #.#.#.# ..#
#.#.#.###### # .
#.###.#.#.##...#####.##.#


You could see an orc wizard and an orc.

Vanquished Creatures
  A big kobold (Sewer)
  A bullfrog (D:3)
  A crimson imp (D:3)
  3 adders (D:2)
  An ooze (D:1)
  2 dart slugs (D:3)
  3 leopard geckos
  3 orcs (D:3)
  2 ball pythons (D:1)
  4 bats
  3 giant cockroaches
  5 goblins
  5 hobgoblins (D:2)
  A jackal (Sewer)
  14 kobolds
  2 quokkas (D:3)
  3 frilled lizards
  11 rats
65 creatures vanquished.

Vanquished Creatures (collateral kills)
  2 leopard geckos (D:3)
  A bat (D:2)
  2 giant cockroaches (D:3)
5 creatures vanquished.

Grand Total: 70 creatures vanquished

Notes
Turn   | Place    | Note
-------+----------+-------------------------------------------
     0 | D:1      | HASTUR3 the Mummy Necromancer began the quest for the Orb.
     0 | D:1      | Reached XP level 1. HP: 13/13 MP: 4/4
   268 | D:1      | Learned a level 1 spell: Animate Skeleton
   323 | D:1      | Reached XP level 2. HP: 18/19 MP: 3/6
  1138 | D:2      | Reached XP level 3. HP: 20/24 MP: 6/8
  1293 | D:2      | Learned a level 3 spell: Vampiric Draining
  1771 | D:2      | Reached skill level 5 in Necromancy
  1902 | D:3      | Reached XP level 4. HP: 16/30 MP: 7/10
  1929 | D:3      | Learned a level 4 spell: Animate Dead
  2200 | D:3      | Noticed a bullfrog
  2207 | D:3      | Killed a bullfrog
  2207 | D:3      | Reached skill level 1 in Shields
  2272 | D:3      | Found a glowing drain.
  2276 | D:3      | Reached XP level 5. HP: 34/35 MP: 4/11
  2374 | Sewer    | Entered a sewer
  2693 | Sewer    | Found a white marble altar of Elyvilon.
  3351 | D:3      | Reached XP level 6. HP: 41/41 MP: 9/12
  3360 | D:3      | Killed from afar by an orc wizard

Skill      XL: |  1  2  3  4  5 |
---------------+----------------+-----
Spellcasting   | 3 4 |  4.0
Necromancy     | 5 |  5.1
Shields        | 1 3 |  3.4
Dodging        | |  1.5
Stealth        | |  1.5

Action                   |  1- 3 |  4- 6 || total
-------------------------+-------+-------++-------
Melee: Dagger            |    23 |       ||    23
       Unarmed           |     1 |       ||     1
       Spear             |    40 |   125 ||   165
       Falchion          |       |    20 ||    20
Throw: Stone             |     4 |       ||     4
 Cast: Pain              |    86 |    46 ||   132
       Animate Skeleton  |     9 |       ||     9
       Animate Dead      |       |     8 ||     8
       Vampiric Draining |       |     5 ||     5
  Use: Scroll            |       |     1 ||     1
 Stab: Distracted        |       |     2 ||     2
       Sleeping          |       |     1 ||     1
Armor: Robe              |    11 |    14 ||    25
Dodge: Dodged            |    51 |    75 ||   126
Block: Buckler           |     1 |     7 ||     8
       Rpst.: Falchion   |       |     4 ||     4
